 Dungeon Crawl Stone Soup version 0.30-a0-365-ge7f957f1db (webtiles) character file.

Game seed: 1160660522494495441

2756 greasedhog the Carver (level 9, -8/68 HPs)
             Began as a Merfolk Fighter on Nov 17, 2022.
             Engulfed by a steam dragon's steam (12 damage)
             ... on level 7 of the Dungeon.
             The game lasted 00:11:42 (5621 turns).

greasedhog the Carver (Merfolk Fighter)             Turns: 5621, Time: 00:11:42

Health: -8/68      AC:  3    Str: 15 (16) XL:     9   Next: 69%
Magic:  9/9        EV: 21    Int:  6 (7)  God:
Gold:   328        SH:  5    Dex: 16 (18) Spells: 8/8 levels left

rFire   . . .      SeeInvis .    a - +0 long sword (freeze)
rCold   . . .      Faith    .    c - +0 buckler
rNeg    . . .      Spirit   .    z - +5 robe of Misfortune {Harm *Corrode *Slow EV+5}
rPois   +          Reflect  .    (no helmet)
rElec   .          Harm     +    (no cloak)
rCorr   .          Rampage  .    (no gloves)
Will    .....                    (no boots)
Stlth   ++++......               (no amulet)
HPRegen 0.31/turn                l - +4 ring of slaying
MPRegen 0.11/turn                i - ring of poison resistance

@: corroded
A: (nimble swimmer 2), mertail
a: no special abilities


You were on level 7 of the Dungeon.
You visited 2 branches of the dungeon, and saw 8 of its levels.

You collected 452 gold pieces.
You spent 124 gold pieces at shops.

Inventory:

Hand Weapons
 a - a +0 long sword of freezing (weapon)
Armour
 c - a +0 buckler (worn)
 z - the +5 robe of Misfortune (worn) {Harm *Corrode *Slow EV+5}
   (You found it on level 6 of the Dungeon)

   EV:        It affects your evasion (+5).
   *Corrode:  It may corrode you when you take damage.
   *Slow:     It may slow you when you take damage.
   Harm:      It increases damage dealt and taken.
Jewellery
 b - a ring of ice
 i - a ring of poison resistance (right hand)
 l - a +4 ring of slaying (left hand)
 v - a ring of willpower
 w - a ring of willpower
 B - a +4 ring of protection
Wands
 d - a wand of digging (5)
 A - a wand of flame (7)
Scrolls
 h - 2 scrolls of magic mapping
 j - 3 scrolls of amnesia
 m - 6 scrolls of teleportation
 n - a scroll of acquirement {unknown}
 p - 2 scrolls of fog {unknown}
 r - a scroll of summoning {unknown}
 s - 2 scrolls of poison {unknown}
 x - a scroll of enchant armour
 y - 2 scrolls of immolation
Potions
 e - 3 potions of degeneration
 f - 2 potions of cancellation {unknown}
 g - 4 potions of curing {unknown}
 k - 2 potions of magic
 o - a potion of resistance {unknown}
 q - 2 potions of lignification {unknown}
 t - a potion of invisibility {unknown}
 u - a potion of heal wounds {unknown}


   Skills:
 - Level 5.0 Fighting
 * Level 9.3 Long Blades
 - Level 2.1 Armour
 * Level 8.6 Dodging
 * Level 8.8 Stealth
 - Level 3.0 Shields


You had 8 spell levels left.
You didn't know any spells.
Your spell library contained the following spells:

 Spells                   Type           Power      Damage    Failure   Level
 Magic Dart               Conj           0%         1d3       54%         1
 Blink                    Tloc           0%         N/A       69%         2
 Call Imp                 Summ           0%         N/A       69%         2
 Momentum Strike          Conj/Tloc      0%         3d8       69%         2
 Kindle Blastsparks       Fire/Tloc/Air  0%         2d10      89%         3
 Lesser Beckoning         Tloc           0%         N/A       89%         3
 Mephitic Cloud           Conj/Pois/Air  0%         N/A       89%         3
 Tukima's Dance           Hex            0%         N/A       89%         3
 Cause Fear               Hex            0%         N/A       100%        4
 Fulminant Prism          Conj/Hex       0%         3d5       100%        4
 Iskenderun's Mystic Bla  Conj/Tloc      0%         2d3       100%        4
 Passage of Golubria      Tloc           0%         N/A       100%        4
 Lee's Rapid Deconstruct  Erth           0%         3d4*      100%        5
 Yara's Violent Unravell  Hex/Tmut       0%         3d3       100%        5
 Dragon Form              Tmut           0%         N/A       100%        7
 Dragon's Call            Summ           0%         N/A       100%        9


Dungeon Overview and Level Annotations

Branches:
Dungeon (7/15)             Temple (1/1) D:7

Altars:
Ashenzari
Cheibriados
Elyvilon
Makhleb
Nemelex Xobeh
Qazlal
Sif Muna
Trog
Uskayaw
Vehumet
Xom
Zin
The Shining One

Shops:
D:6 *


Innate Abilities, Weirdness & Mutations

((You are very nimble when in or above water. (Stealth+, EV+, Speed+++)))
Your lower body shifts to a powerful aquatic tail in water.


Message History

The killer bee is severely wounded.
The killer bee stings you. You block the killer bee's attack.
You barely miss the killer bee.
The killer bee is severely wounded.
The killer bee stings you but does no damage.
The killer bee closely misses you. The killer bee barely misses you.
You slash the killer bee! You freeze the killer bee.
You kill the killer bee!
The killer bee barely misses you.
You slash the killer bee! You freeze the killer bee.
You kill the killer bee!
You hit the steam dragon but do no damage.
The steam dragon breathes steam at you. The ball of steam hits you!!
You hit the steam dragon but do no damage.
You are engulfed in a cloud of scalding steam.
The steam dragon misses you. The steam dragon completely misses you.
You barely miss the steam dragon.
You are engulfed in a cloud of scalding steam.
* * * LOW HITPOINT WARNING * * *
The steam dragon misses you. The steam dragon completely misses you.
You hit the steam dragon but do no damage.
The steam dragon bites you but does no damage.
You block the steam dragon's attack.
You slash the steam dragon! You freeze the steam dragon.
The steam dragon is heavily wounded.
The steam dragon misses you. The steam dragon closely misses you.
You barely miss the steam dragon.
The steam dragon is heavily wounded.
The steam dragon breathes steam at you. The ball of steam hits you!
* * * LOW HITPOINT WARNING * * *
You hear a croak.
It was a potion of degeneration.
There was something very wrong with that liquid.
You feel weakened.
You feel dopey.
You feel clumsy. The steam dragon closely misses you.
The steam dragon misses you.
It was a potion of magic.
Magic courses through your body.
You are engulfed in a cloud of scalding steam.
You die...

# #.#.......
.#.#+#.#.......
.......[.......
..........###..
..........#
##.#+#....# . #
#.#.#†## ...
#.#+#D###.... ##
#...@§§..........
#....§..........
...#....########.#####
.
.....................
....#..
............##.....#
......
#+###+#............#
...... ####.........#
.....#+###
#....#....#####
.........#
#..............


You could see a steam dragon (catching breath).

Vanquished Creatures
  A two-headed ogre (D:6)
  The ghost of valliere the Covered, a novice MiFi of Zin (D:6)
  A steam dragon (D:6)
  Edmund (D:5)
  3 ogres
  A centaur (D:6)
  A phantom (D:6)
  A necrophage (D:7)
  2 bullfrogs
  A gnoll sergeant (D:5)
  A scorpion (D:4)
  5 killer bees (D:7)
  An orc priest (D:7)
  A jelly (D:4)
  4 hounds
  2 orc wizards (D:5)
  3 iguanas
  5 gnolls (D:5)
  8 adders
  A shadow imp (D:6)
  An ufetubus (D:5)
  2 worms
  7 dart slugs
  13 orcs
  12 ball pythons
  6 bats
  4 endoplasms
  9 giant cockroaches
  5 hobgoblins
  2 jackals (D:3)
  9 kobolds
  3 quokkas
  3 frilled lizards
  7 goblins
  5 rats
132 creatures vanquished.

Notes
Turn   | Place    | Note
-------+----------+-------------------------------------------
     0 | D:1      | greasedhog the Merfolk Fighter began the quest for the Orb.
     0 | D:1      | Reached XP level 1. HP: 18/18 MP: 1/1
   102 | D:1      | Reached XP level 2. HP: 20/24 MP: 2/2
   127 | D:1      | Reached skill level 1 in Stealth
   709 | D:2      | Reached skill level 3 in Long Blades
   837 | D:2      | Reached XP level 3. HP: 25/30 MP: 3/3
  1080 | D:2      | Found a faded altar of an unknown god.
  1205 | D:2      | Reached XP level 4. HP: 19/37 MP: 4/4
  1803 | D:3      | Found a shimmering altar of Xom.
  1930 | D:3      | Reached XP level 5. HP: 43/43 MP: 5/5
  1961 | D:3      | Reached skill level 4 in Long Blades
  2527 | D:4      | Noticed an ogre
  2532 | D:4      | Killed an ogre
  2533 | D:4      | Reached skill level 5 in Fighting
  2533 | D:4      | Reached XP level 6. HP: 48/51 MP: 6/6
  2609 | D:4      | Found a broken altar of Ashenzari.
  2615 | D:4      | Reached skill level 1 in Dodging
  2685 | D:4      | You fall into a shaft and drop 2 floors!
  2697 | D:6      | Noticed a two-headed ogre
  2698 | D:6      | Noticed Edmund
  2712 | D:6      | Reached skill level 5 in Long Blades
  2742 | D:5      | Entered Level 5 of the Dungeon
  2753 | D:5      | Reached XP level 7. HP: 18/56 MP: 7/7
  3269 | D:4      | Reached skill level 5 in Stealth
  3581 | D:5      | Reached skill level 6 in Long Blades
  3839 | D:5      | Reached XP level 8. HP: 12/62 MP: 8/8
  4215 | D:5      | Killed Edmund
  4216 | D:5      | Reached skill level 5 in Dodging
  4365 | D:6      | Killed a two-headed ogre
  4366 | D:6      | Reached skill level 8 in Long Blades
  4514 | D:6      | Reached XP level 9. HP: 17/68 MP: 9/9
  4680 | D:6      | Found the +5 robe of Misfortune {Harm *Corrode *Slow EV+5}
  4809 | D:6      | Found Tineif's Fire Supplies.
  4827 | D:6      | Bought a scroll of immolation for 56 gold pieces
  4827 | D:6      | Bought a wand of flame (7) for 68 gold pieces
  4904 | D:6      | Found a runed translucent door.
  4907 | D:6      | Noticed valliere's ghost (novice MiFi)
  4933 | D:6      | Killed valliere's ghost
  5212 | D:7      | Reached skill level 9 in Long Blades
  5463 | D:7      | Found a staircase to the Ecumenical Temple.
  5476 | Temple   | Entered the Ecumenical Temple
  5621 | D:7      | Engulfed by a steam dragon's steam

Illustrated notes

Levels and vault maps discovered:
D:1:      nicolae_arrival_memento_mori, layout_basic
D:2:      minmay_thinvault, layout_loops_ring, ebering_ecumenical_altar_mist
D:3:      layout_basic, mainiacjoe_overflow_cross_hatched
D:4:      layout_loops_corners, evilmike_ruin_ashenzari,
          nicolae_ossuary_entry_monument
D:5:      layout_basic
D:6:      layout_rooms, ebering_ghost_sewer_d, nicolae_shop_fire_sale
          [nicolae_sub_dead_trees], uniq_edmund
D:7:      layout_basic, mainiacjoe_overflow_six_doors_small,
          minmay_temple_entry_mist, nicolae_evil_shop
Temple:   hellmonk_temple_of_storms

Skill      XL: |  1  2  3  4  5  6  7  8  9 |
---------------+----------------------------+-----
Stealth        | 1 2 3 4 5 7 8 |  8.8
Long Blades    | 3 4 5 6 8 9 |  9.3
Fighting       | 4 5 |  5.0
Dodging        | 2 4 7 8 |  8.6
Armour         | |  2.1
Shields        | |  3.0

Action                   |  1- 3 |  4- 6 |  7- 9 || total
-------------------------+-------+-------+-------++-------
Melee: Long sword        |    89 |   118 |   165 ||   372
  Use: Scroll            |     2 |     5 |     1 ||     8
       Potion            |       |     1 |     4 ||     5
 Stab: Sleeping          |       |       |     2 ||     2
Armor: Scale mail        |    56 |    43 |    26 ||   125
       Robe              |       |       |     9 ||     9
Dodge: Dodged            |    36 |    43 |   120 ||   199
Block: Buckler           |    19 |    32 |    44 ||    95

Table legend: (Time is in decaauts)
 A = Elapsed time spent in this place.
 B = Non-inter-level travel time spent in this place.
 C = Inter-level travel time spent in this place.
 D = Time resting spent in this place.
 E = Time spent auto-exploring this place.
 F = Levels seen in this place.
 G = Mean time per level.
                   A        B        C        D        E       F      G
               +--------+--------+--------+--------+--------+-----+--------+
         Total |   5687 |   5475 |    212 |    691 |   3647 |   8 |  710.9 |
       Dungeon |   5646 |   5441 |    205 |    691 |   3623 |   7 |  806.6 |
        Temple |     40 |     33 |      7 |      0 |     24 |   1 |   40.0 |
               +--------+--------+--------+--------+--------+-----+--------+

Top non-repeatable levels by time:
     D:2: 1091 daAuts
     D:5: 961 daAuts
     D:4: 920 daAuts
     D:6: 877 daAuts
     D:1: 693 daAuts
     D:3: 651 daAuts
     D:7: 451 daAuts
  Temple: 40 daAuts
